 Dungeon Crawl Stone Soup version 0.18.1-1-g2f07953 (webtiles) character file.

227 AVATAR8128 the Magician (level 5, -2/31 HPs)
             Began as a High Elf Wizard on Aug 24, 2016.
             Was a Follower of Qazlal.
             Slain by a crimson imp
             ... wielding a +1 dagger of chaos
              (14 damage)
             ... on level 3 of the Dungeon.
             The game lasted 01:53:30 (4166 turns).

AVATAR8128 the Magician (High Elf Wizard)           Turns: 4166, Time: 01:53:31

Health: -2/31      AC:  3    Str:  6    XL:     5   Next: 70%
Magic:  1/13       EV: 12    Int: 23    God:    Qazlal [*.....]
Gold:   171        SH:  1    Dex: 16    Spells: 6 memorised, 1 level left

rFire  + . .     SeeInvis .     h - +1 club
rCold  x . .     Gourm    .     w - +0 leather armour
rNeg   . . .     Faith    .     (no shield)
rPois  .         Spirit   .     b - +0 hat
rElec  .         Dismiss  .     (no cloak)
rCorr  .         Reflect  .     (no gloves)
SustAt .         Harm     .     (no boots)
MR     .....                    (no amulet)
Stlth  ++........               u - ring of fire
                                r - +3 ring of dexterity

@: lethally poisoned (-2 -> -11), drained, not resistant to hostile
enchantments, unstealthy
A: no striking features
a: Renounce Religion


You were on level 3 of the Dungeon.
You worshipped Qazlal.
Qazlal was aware of your devotion.
You were not hungry.

You visited 1 branch of the dungeon, and saw 3 of its levels.

You collected 171 gold pieces.

Inventory:

Hand Weapons
 h - a +1 club (weapon)
Missiles
 g - 121 stones (quivered)
 s - 23 sling bullets
Armour
 a - a +0 robe
 b - a +0 hat (worn)
 w - a +0 leather armour (worn)
Jewellery
 r - a +3 ring of dexterity (left hand)
 u - a ring of fire (right hand)
Scrolls
 l - a scroll of teleportation
 m - 2 scrolls of remove curse
 o - a scroll of amnesia
 p - a scroll of fear
 x - a scroll of recharging {unknown}
Potions
 e - 2 potions of heal wounds
 f - a potion of lignification {unknown}
 i - a potion of mutation {unknown}
 k - a potion of degeneration {unknown}
 n - a potion of agility {unknown}
Books
 c - a book of Minor Magic

   Spells                             Type                      Level
   a - Magic Dart                     Conjuration                  1
   b - Blink                          Translocation                2
   c - Call Imp                       Summoning                    2
   d - Repel Missiles                 Charms/Air                   2
   e - Slow                           Hexes                        2
   f - Conjure Flame                  Conjuration/Fire             3
   g - Mephitic Cloud                 Conjuration/Poison/Air       3
Comestibles
 d - 3 bread rations
 q - 2 meat rations
 v - 6 chunks of flesh


   Skills:
 + Level 3.4(3.2) Dodging
 + Level 3.4(3.2) Stealth
 * Level 5.3(5.0) Spellcasting
 + Level 2.2(2.0) Conjurations
 + Level 1.9(1.7) Summonings
 - Level 1.1(0.8) Translocations
 + Level 0.2(0.0) Air Magic


You had one spell level left.
You knew the following spells:

 Your Spells              Type           Power        Failure   Level  Hunger
a - Magic Dart            Conj           ###.         10%         1    None
b - Call Imp              Summ           ##......     14%         2    None
c - Repel Missiles        Chrm/Air       #.....       24%         2    None
d - Mephitic Cloud        Conj/Pois/Air  #.......     38%         3    ##.....
e - Conjure Flame         Conj/Fire      ###.....     34%         3    ##.....
f - Blink                 Tloc           N/A          17%         2    None


Dungeon Overview and Level Annotations

Branches:
Dungeon (3/15)

Altars:
Qazlal
Xom


Message History

The crimson imp blinks! x2
There is an open door here.
You see here a club.
You closely miss the crimson imp.
The crimson imp blinks!
Some of the chunks of flesh in your inventory have rotted away.
Casting: Magic Dart
Confirm with . or Enter, or press ? or * to list all spells.
Aiming: Magic Dart
Press: ? - help, Shift-Dir - straight line, f - crimson imp
Aim: a crimson imp The magic dart hits the crimson imp.
The crimson imp is moderately wounded.
The crimson imp hits you with a dagger of chaos.
You are poisoned.
As you read the scroll of immolation, it crumbles to dust.
The creatures around you are filled with an inner flame!
You feel sick.
The crimson imp hits you with a dagger of chaos.
You are electrocuted!
You die...

,,,,,....................### #...
,,,,,....................# **#...
*,,,,.#..................#**.....
******####ยง..............#*,.#...
#...............#*,*#...
##.....5#####..##*,*####
##.....#.#.#.##*,,*
#####5#.#.#****,** #@#...#**,,,*
#.)._.+,*,********
###...#,,,,,,,,,,,
#.#.#**********# #.#.# # ###*#


You could see 2 crimson imps.

Vanquished Creatures
  The ghost of malaphysto the Sneak, an amateur OpAs (D:3)
  A centaur skeleton (D:3)
  An adder (D:3)
  An ooze (D:2)
  3 dart slugs
  A giant gecko (D:2)
  4 orcs (D:3)
  A ball python (D:1)
  4 giant cockroaches
  3 goblins
  5 hobgoblins
  6 jackals (D:2)
  7 kobolds
  2 quokkas (D:2)
  6 bats
  5 giant newts (D:2)
  23 rats
74 creatures vanquished.

Vanquished Creatures (collateral kills)
  An adder (D:2)
  A worm (D:2)
  A dart slug (D:1)
  A giant cockroach (D:1)
  A hobgoblin (D:1)
  A kobold (D:1)
6 creatures vanquished.

Grand Total: 80 creatures vanquished

Notes
Turn   | Place    | Note
--------------------------------------------------------------
     0 | D:1      | AVATAR8128 the High Elf Wizard began the quest for the Orb.
     0 | D:1      | Reached XP level 1. HP: 11/11 MP: 6/6
   450 | D:1      | Reached XP level 2. HP: 10/17 MP: 0/7
   463 | D:1      | Learned a level 2 spell: Call Imp
   750 | D:1      | Reached skill level 4 in Spellcasting
   772 | D:1      | Learned a level 2 spell: Repel Missiles
  1137 | D:1      | Reached skill level 1 in Summonings
  1539 | D:2      | Reached XP level 3. HP: 14/21 MP: 3/9
  1544 | D:2      | Learned a level 3 spell: Mephitic Cloud
  2077 | D:2      | Found a stormy altar of Qazlal.
  2086 | D:2      | Became a worshipper of Qazlal Stormbringer
  2556 | D:2      | Reached XP level 4. HP: 27/27 MP: 4/11
  2639 | D:2      | Reached * piety under Qazlal
  2999 | D:3      | Noticed malaphysto's ghost (amateur OpAs)
  3572 | D:3      | Killed malaphysto's ghost
  3572 | D:3      | Reached skill level 5 in Spellcasting
  3572 | D:3      | Reached XP level 5. HP: 17/31 MP: 3/13
  3742 | D:3      | Learned a level 3 spell: Conjure Flame
  3745 | D:3      | Learned a level 2 spell: Blink
  4095 | D:3      | Found a shimmering altar of Xom.
  4166 | D:3      | Slain by a crimson imp

Skill      XL: |  1  2  3  4 |
---------------+-------------+-----
Spellcasting   | 4 5 |  5.3
Summonings     | 1 |  1.9
Dodging        | 3 |  3.4
Stealth        | 3 |  3.4
Conjurations   | 2 |  2.2
Translocations | |  1.1
Air Magic      | |  0.2

Action                   |  1- 3 |  4- 6 || total
-------------------------+-------+-------++-------
Melee: Club              |    25 |    34 ||    59
       Short sword       |     1 |    34 ||    35
Throw: Stone             |     4 |       ||     4
 Cast: Magic Dart        |    98 |    86 ||   184
       Call Imp          |     4 |     3 ||     7
       Mephitic Cloud    |     1 |       ||     1
       Conjure Flame     |       |     1 ||     1
  Use: Scroll            |     9 |     6 ||    15
       Potion            |       |     3 ||     3
  Eat: Chunk             |     5 |     1 ||     6
       Bread ration      |       |     1 ||     1
Armor: Robe              |    11 |     9 ||    20
       Leather armour    |       |     4 ||     4
Dodge: Dodged            |    44 |    58 ||   102
Block: Other             |       |     2 ||     2
